 Dungeon Crawl Stone Soup version 0.29.0-11-gd7f09526c8 (webtiles) character file.

Game seed: 4899272604099533002

223 sanka the Insei (level 5, -3/45 HPs)
             Began as a Draconian Monk on Sept 4, 2022.
             Slain by Blork the orc
             ... wielding a +0 glaive
              (9 damage)
             ... on level 4 of the Dungeon.
             The game lasted 00:03:49 (3246 turns).

sanka the Insei (Draconian Monk)                    Turns: 3246, Time: 00:03:49

Health: -3/45      AC:  5    Str: 13    XL:     5   Next: 66%
Magic:  0/5        EV: 12    Int: 12    God:
Gold:   156        SH:  0    Dex: 14    Spells: 4/4 levels left

rFire   . . .      SeeInvis .     - Unarmed
rCold   . . .      Faith    .   (no shield)
rNeg    . . .      Spirit   +   (body armour unavailable)
rPois   .          Reflect  .   (helmet restricted)
rElec   .          Harm     .   (no cloak)
rCorr   .          Rampage  .   (no gloves)
Will    .....                   (no boots)
Stlth   ++........              t - amulet of guardian spirit
HPRegen 0.15/turn               (no ring)
MPRegen 0.09/turn               (no ring)

@: hasted, very quick
A: AC +5, unfitting armour, cold-blooded
a: no special abilities


You were on level 4 of the Dungeon.
You visited 1 branch of the dungeon, and saw 4 of its levels.

You collected 156 gold pieces.


Innate Abilities, Weirdness & Mutations

Your plain brown scales are hard. (AC +5)
You cannot fit into any form of body armour.
You are cold-blooded and may be slowed by cold attacks.


   Skills:
 - Level 3.2 Fighting
 - Level 2.6 Dodging
 - Level 1.7 Stealth
 + Level 6.5 Unarmed Combat


You had 4 spell levels left.
You didn't know any spells.
Your spell library was empty.

Inventory:

Jewellery
 t - an amulet of guardian spirit (around neck)
Wands
 q - a wand of digging (3)
Scrolls
 d - a scroll of vulnerability {unknown}
 e - 5 scrolls of identify {unknown}
 g - a scroll of poison {unknown}
 h - a scroll of enchant armour {unknown}
 i - a scroll of torment {unknown}
 j - a scroll of butterflies {unknown}
 l - a scroll of blinking {unknown}
 o - a scroll of teleportation {unknown}
 s - a scroll of noise {unknown}
Potions
 b - a potion of heal wounds {unknown}
 c - a potion of haste {@q3}
 k - a potion of berserk rage {unknown}
 m - a potion of invisibility {unknown}
 n - a potion of resistance {unknown}
 p - a potion of brilliance {unknown}
 r - a potion of might {unknown}

Dungeon Overview and Level Annotations

Branches:
Dungeon (4/15)
 Temple: D:4-7

Altars:
Fedhas

Annotations:
D:4 Blork the orc, Menkaure

▒▒....▒▒▒▒▒▒▒ ▒...♣♣.P(P.♣
▒▒...........▒▒▒.▒.♣PP.♣(♣♣
▒.............▒▒.▒.♣.P.P♣♣
.......[.........▒.♣P.♣P♣ .M
................▒▒.♣.P♣♣♣ ..
...................♣.♣♣
..........o....▒▒...♣♣♣▒ ▒▒
...............▒▒▒.....▒▒▒▒▒.
:....♣.♣....d....▒........▒..
▒....♣.♣......▒▒......▒▒▒...▒
▒▒.. ♣.♣[....▒▒▒▒▒....▒▒▒>.▒▒
.... ♣.♣▒▒▒▒▒▒ ▒...........
▒▒▒ ♣. ▒▒▒▒▒▒▒▒.▒▒.......
▒▒...▒....▒▒.▒.....
▒▒........<▒▒.▒▒▒▒▒▒ ▒▒
............▒.▒ .▒▒▒
............▒.▒


You could see Blork the orc (fast).


Message History

The puff of frost hits you.
* * * LOW HITPOINT WARNING * * *
You are confused.
You feel invigorated.
Blork the orc hits you with a +0 glaive!
* * * LOW HITPOINT WARNING * * *
You hit Blork the orc.
Blork the orc is severely wounded.
Blork the orc hits you but does no damage.
Blork the orc closely misses you.
Unknown command.
Unknown command.
Unknown command.
Found a book of Vapours.
Blork the orc misses you.
Unknown command.
Blork the orc closely misses you. Blork the orc attacks as you move away!
Blork the orc misses you.
Blork the orc hits you from afar with a +0 glaive!
* * * LOW HITPOINT WARNING * * *
Blork the orc screams, "Die!"
Blork the orc hits you from afar with a +0 glaive.
* * * LOW HITPOINT WARNING * * *
You feel less invigorated.
You feel less confused.
Blork the orc hits you from afar with a +0 glaive!
* * * LOW HITPOINT WARNING * * *
Blork the orc hits you from afar with a +0 glaive!
You die...

Action                   |  1- 3 |  4- 6 || total
-------------------------+-------+-------++-------
Melee: Unarmed           |   118 |   142 ||   260
       Tailslap          |     6 |    16 ||    22
       Punch             |       |     6 ||     6
  Use: Potion            |       |     4 ||     4
 Stab: Sleeping          |    11 |     5 ||    16
Armor: Skin              |    30 |    33 ||    63
Dodge: Dodged            |    61 |    86 ||   147

Levels and vault maps discovered:
D:1:      lemuel_arrival_room, layout_loops_ring
D:2:      layout_rooms, minmay_misc_feat_encased
D:3:      layout_rooms, shapermc_ecumenical_altar_pompeii, minivault_14
D:4:      layout_rooms, fedhas_altar_4, serial_forest, infiniplex_forest_end_3,
          infiniplex_forest_clump_small, infiniplex_forest_join,
          infiniplex_forest_end_1, infiniplex_forest_zigzag_2,
          infiniplex_forest_straight_2, infiniplex_forest_clump_small,
          serial_shops, nicolae_shop_behind_doors, minivault_23,
          lightli_minifort, uniq_ijyb, uniq_menkaure, uniq_blork_the_orc

Notes
Turn   | Place    | Note
-------+----------+-------------------------------------------
     0 | D:1      | sanka the Draconian Monk began the quest for the Orb.
     0 | D:1      | Reached XP level 1. HP: 19/19 MP: 1/1
   200 | D:1      | Reached XP level 2. HP: 26/26 MP: 2/2
   437 | D:2      | Reached skill level 4 in Unarmed Combat
   757 | D:1      | Reached XP level 3. HP: 29/31 MP: 3/3
  1573 | D:3      | Found a faded altar of an unknown god.
  1690 | D:3      | Reached XP level 4. HP: 36/38 MP: 4/4
  1768 | D:3      | Reached skill level 5 in Unarmed Combat
  1862 | D:3      | Identified the +1 chain mail of the Immovable Mystics
                  | {Will+}
  2649 | D:3      | Reached XP level 5. HP: 27/45 MP: 5/5
  2876 | D:4      | Noticed Menkaure
  2880 | D:4      | Noticed an ogre
  2936 | D:4      | Reached skill level 6 in Unarmed Combat
  3025 | D:4      | Noticed Ijyb
  3040 | D:4      | Killed Ijyb
  3143 | D:4      | Found a blossoming altar of Fedhas.
  3204 | D:4      | Noticed Blork the orc
  3229 | D:4      | HP: 1/45 [Blork the orc/+0 glaive (13)]
  3234 | D:4      | HP: 1/45 [Blork the orc/+0 glaive (12)]
  3246 | D:4      | Slain by Blork the orc

Vanquished Creatures
  A hound (D:4)
  Ijyb (D:4)
  4 gnolls
  4 adders
  A dart slug (D:1)
  9 orcs
  4 bats
  7 endoplasms
  2 giant cockroaches
  8 goblins
  7 hobgoblins
  3 jackals
  3 quokkas
  8 ball pythons
  4 frilled lizards
  9 kobolds
  6 rats
81 creatures vanquished.

Vanquished Creatures (others)
  2 plants (D:4)
2 creatures vanquished.

Grand Total: 83 creatures vanquished
